 Dungeon Crawl Stone Soup version 0.27-a0-836-gfc908b8576 (webtiles) character file.

Game seed: 18293211913782966659

93 Aviak the Ducker (level 4, -12/33 HPs)
             Began as a Djinni Fire Elementalist on Mar 31, 2021.
             Mangled by an ogre
             ... wielding a +0 giant club
              (26 damage)
             ... on level 4 of the Dungeon.
             The game lasted 00:01:42 (2004 turns).

Aviak the Ducker (Djinni Fire Elementalist)         Turns: 2004, Time: 00:01:42

Health: -12/33     AC:  3    Str:  7    XL:     4   Next: 62%
Gold:   19         EV: 13    Int: 18    God:
                   SH:  0    Dex: 13

rFire    + + .     SeeInvis .   c - +0 dagger (protect)
rCold    x . .     Faith    .   (no shield)
rNeg     . . .     Spirit   .   a - +0 robe
rPois    ∞         Reflect  .   (no helmet)
rElec    .         Harm     .   b - +0 cloak
rCorr    .         Rampage  .   (no gloves)
Will     .....                  (boots unavailable)
Stlth    ++........             (no amulet)
HPRegen  0.11/turn              (no ring)
MPRegen  0.00/turn              (no ring)

@: flying, very slightly contaminated
A: fire resistance 2, cold vulnerability 1, float, innate caster, hp casting,
extra vitality 1
a: no special abilities


You were on level 4 of the Dungeon.
You visited 1 branch of the dungeon, and saw 3 of its levels.

You collected 19 gold pieces.

Inventory:

Hand Weapons
 c - a +0 dagger of protection (weapon)
Armour
 a - a +0 robe (worn)
 b - a +0 cloak (worn)
Scrolls
 h - a scroll of teleportation {unknown}
 i - a scroll of identify
Potions
 d - 2 potions of curing {unknown}
 e - a potion of invisibility {unknown}


   Skills:
 + Level 2.1 Fighting
 + Level 3.4 Dodging
 - Level 1.5 Stealth
 + Level 3.3 Spellcasting


You couldn't memorise any spells.
You knew the following spells:

 Your Spells              Type           Power      Damage    Failure   Level
a - Foxfire               Conj/Fire      60%        2x1d7     4%          1
b - Conjure Flame         Conj/Fire      15%        6-21      12%         3
c - Inner Flame           Hex/Fire       15%        N/A       12%         3
d - Sticky Flame          Conj/Fire      15%        2d4       36%         4
e - Fireball              Conj/Fire      7%         3d5       73%         5
f - Shock                 Conj/Air       60%        1d6       4%          1
Your spell library was empty.

Dungeon Overview and Level Annotations

Branches:
Dungeon (2/15)

Altars:


Innate Abilities, Weirdness & Mutations

You are immune to poison.
Your flesh is very heat resistant. (rF++)
You are vulnerable to cold. (rC-)
You float through the air rather than walking.
You learn spells naturally, not from books.
Your magical power is your life essence.
You have superior vitality. (+4 HP)


Message History

Natasha is moderately wounded.
Casting: Foxfire (safe; 4% risk of failure)
Confirm with . or Enter, or press ? or * to list all spells.
You conjure some foxfire!
The foxfire hits Natasha.
Natasha is heavily wounded.
Casting: Foxfire (safe; 4% risk of failure)
Confirm with . or Enter, or press ? or * to list all spells.
You miscast Foxfire.
Nothing appears to happen.
The foxfire hits Natasha.
Natasha is severely wounded.
The foxfire hits Natasha.
Natasha is almost dead.
Natasha casts a spell.
The foxfire hits Natasha but does no damage.
Natasha is almost dead.
Casting: Foxfire (safe; 4% risk of failure)
Confirm with . or Enter, or press ? or * to list all spells.
You conjure some foxfire!
Natasha claws you.
Casting: Foxfire (safe; 4% risk of failure)
Confirm with . or Enter, or press ? or * to list all spells.
You conjure some foxfire!
The foxfire hits Natasha.
Natasha is almost dead.
The foxfire hits Natasha.
You kill Natasha!
Natasha screams in fury as she dies!
The white imp disappears in a puff of smoke!
Your Fighting skill increases to level 2!
The foxfire hits the ogre but does no damage.
The foxfire hits the ogre.
The ogre is lightly wounded.
You aren't carrying any items that you can evoke.
As you read the scroll labelled AQOICU GIYJORR, it crumbles to dust.
It is a scroll of identify.
g - a scroll of summoning;
s - a scroll of summoning;
i - a scroll of identify The ogre closely misses you.
Really read
s - a scroll of summoning {!r}?
As you read the scroll of summoning {!r}, it crumbles to dust.
Wisps of shadow whirl around you...
The ogre hits you with a +0 giant club!!
Ouch! That really hurt!
You die...

#+##..................#
#######........#
#........+ #........#
#........# ..........#
..........r#
....####.h.h# ....
#Z.@.# #.hOh# #.J..#
#....†......
#...........
#...........
+...........
#...........
###+###.....


You could see an ogre (ally target), a friendly jelly (summoned), a friendly
quokka (summoned), 4 friendly jackals and a friendly adder skeleton (summoned).

Vanquished Creatures
  Natasha (D:4)
  A hound skeleton (D:4)
  2 adders
  A dart slug (D:1)
  2 ball pythons (D:1)
  4 endoplasms (D:1)
  2 giant cockroaches (D:1)
  4 goblins (D:1)
  6 hobgoblins
  3 kobolds
  A quokka (D:1)
  A frilled lizard (D:2)
  7 rats (D:1)
35 creatures vanquished.

Vanquished Creatures (others)
  156 foxfires
156 creatures vanquished.

Grand Total: 191 creatures vanquished

Notes
Turn   | Place    | Note
-------+----------+-------------------------------------------
     0 | D:1      | Aviak the Djinni Fire Elementalist began the quest for the
                  | Orb.
     0 | D:1      | Reached XP level 1. HP: 15/15 MP: 0/0
   258 | D:1      | Reached XP level 2. HP: 7/22 MP: 0/0
   558 | D:1      | Reached skill level 1 in Fighting
   838 | D:1      | Reached XP level 3. HP: 20/27 MP: 0/0
   838 | D:1      | Learned a level 1 spell: Shock
  1844 | D:2      | You are sucked into a shaft and drop 2 floors!
  1876 | D:4      | Reached XP level 4. HP: 26/33 MP: 0/0
  1992 | D:4      | Noticed Natasha
  1992 | D:4      | Noticed an ogre
  2000 | D:4      | Killed Natasha
  2004 | D:4      | Mangled by an ogre

Illustrated notes

Levels and vault maps discovered:
D:1:      dpeg_arrival_ratfight, layout_rooms
D:2:      layout_loops_cross, general_overflow_altar, uniq_sigmund
D:4:      layout_gridville, cheibriados_altar_1, uniq_natasha

Skill      XL: |  1  2  3  4 |
---------------+-------------+-----
Fighting       | 1 2 |  2.1
Spellcasting   | 3 |  3.3
Dodging        | 3 |  3.4
Stealth        | |  1.5

Action                   |  1- 3 |  4- 6 || total
-------------------------+-------+-------++-------
Melee: Dagger            |     5 |       ||     5
 Cast: Foxfire           |    86 |    10 ||    96
  Use: Scroll            |       |     2 ||     2
Armor: Robe              |     5 |       ||     5
Dodge: Dodged            |     9 |     1 ||    10

Table legend: (Time is in decaauts)
 A = Elapsed time spent in this place.
 B = Non-inter-level travel time spent in this place.
 C = Inter-level travel time spent in this place.
 D = Time resting spent in this place.
 E = Time spent auto-exploring this place.
 F = Levels seen in this place.
 G = Mean time per level.
                   A        B        C        D        E       F      G
               +--------+--------+--------+--------+--------+-----+--------+
         Total |   2003 |   1972 |     31 |      0 |   1789 |   3 |  667.7 |
       Dungeon |   2003 |   1972 |     31 |      0 |   1789 |   3 |  667.7 |
               +--------+--------+--------+--------+--------+-----+--------+

Top non-repeatable levels by time:
     D:1: 1412 daAuts
     D:2: 430 daAuts
     D:4: 159 daAuts
